 Dungeon Crawl Stone Soup version 0.31-a0-210-gccc998df9b (webtiles) character file.

Game seed: 12787605886763225527

9 qw the Shooter (level 2, 0/16 HPs)
             Began as a Gargoyle Hexslinger on June 30, 2023.
             Slain by a rat (1 damage)
             ... on level 1 of the Dungeon.
             The game lasted 00:00:05 (108 turns).

qw the Shooter (Gargoyle Hexslinger)                 Turns: 108, Time: 00:00:06

Health: 0/16       AC:  4    Str: 11    XL:     2   Next: 16%
Magic:  3/3        EV: 12    Int: 13    God:
Gold:   9          SH:  0    Dex: 12    Spells: 2/3 levels left

rFire   . . .        a - +1 sling
rCold   . . .        (no shield)
rNeg    + . .        c - +0 robe
rPois   inf          (no helmet)
rElec   +            (no cloak)
rCorr   .            (no gloves)
SInv    .            (no boots)
Will    .....        (no amulet)
Stlth   +            (no ring)
HPRegen 0.22/turn    (no ring)
MPRegen 0.08/turn

%: no passive effects
@: no status effects
A: sickness immunity, AC +2, negative energy resistance 1, electricity
resistance, torment resistance 1, petrification resistance
a: no special abilities


You were on level 1 of the Dungeon.
You visited 1 branch of the dungeon, and saw 1 of its levels.

You collected 9 gold pieces.


Innate Abilities, Weirdness & Mutations

You are immune to sickness and miasma.
Your stone body is resilient. (AC +2)
You are immune to poison.
You resist negative energy. (rN+)
You are resistant to electric shocks. (rElec)
You are resistant to unholy torment.
You are immune to petrification.


   Skills:
 - Level 1.1 Fighting
 + Level 2.8 Ranged Weapons
 - Level 1.5 Dodging
 - Level 1.0 Spellcasting
 - Level 2.6 Hexes


You had 2 spell levels left.
You knew the following spells:

 Your Spells              Type           Power      Damage    Failure   Level
a - Slow                  Hex            28%        N/A       10%         1

Your spell library contained the following spells:

 Spells                   Type           Power      Damage    Failure   Level
 Inner Flame              Hex/Fire       4%         N/A       43%         3
 Portal Projectile        Hex/Tloc       8%         N/A       43%         3
 Cause Fear               Hex            3%         N/A       67%         4

Inventory:

Hand Weapons
 a - a +1 sling (weapon)
Armour
 c - a +0 robe (worn)
Scrolls
 b - a scroll of poison
 d - a scroll of immolation {unknown}

Dungeon Overview and Level Annotations

Branches:
Dungeon (1/15)

Altars:


Message History

You kill the giant cockroach!
The jackal closely misses you. The kobold hits you but does no damage.
The jackal bites you but does no damage.
The kobold barely misses you.
You shoot a sling bullet.
The sling bullet barely misses the kobold.
The jackal misses you. The kobold barely misses you.
You shoot a sling bullet.
The sling bullet barely misses the kobold.
The jackal closely misses you.
The jackal bites you but does no damage.
The kobold hits you with a +0 club.
You shoot a sling bullet.
The sling bullet closely misses the kobold.
The jackal bites you but does no damage.
The kobold hits you with a +0 club.
The jackal bites you but does no damage.
You shoot a sling bullet.
The sling bullet closely misses the kobold.
The jackal closely misses you. The kobold hits you with a +0 club.
The rat bites you but does no damage. The jackal barely misses you.
The rat twitches its whiskers.
The rat bites you. The kobold hits you with a +0 club.
You shoot a sling bullet. The sling bullet misses the kobold.
The jackal bites you but does no damage.
The rat bites you. The kobold misses you.
You shoot a sling bullet. The sling bullet misses the kobold.
The jackal completely misses you. The jackal closely misses you.
The kobold barely misses you. The rat barely misses you.
You shoot a sling bullet. The sling bullet hits the kobold.
The kobold is severely wounded.
The jackal barely misses you. The kobold hits you but does no damage.
The rat closely misses you. The jackal closely misses you.
You shoot a sling bullet.
The sling bullet barely misses the kobold.
The jackal bites you but does no damage.
The kobold hits you with a +0 club. The rat barely misses you.
The jackal bites you but does no damage.
The rat bites you.
You die...

#.....#.......#.#
#.....#########.# .
#...>.##........#
...)..#+#.#.########
...####.#'#.#
...........#
.#.#.#......#
......r.....#
.#.#.##@#+#+#
......h.K....#
.#.#.#......... #
........##
.........#
#.........#
#.....##..# ####..#
..#


You could see a jackal, a kobold and a rat.

Vanquished Creatures
  A dart slug (D:1)
  A giant cockroach (D:1)
  A goblin (D:1)
  A jackal (D:1)
  A quokka (D:1)
  A kobold (D:1)
  A rat (D:1)
7 creatures vanquished.

Notes
Turn   | Place    | Note
-------+----------+-------------------------------------------
     0 | D:1      | qw the Gargoyle Hexslinger began the quest for the Orb.
     0 | D:1      | Reached XP level 1. HP: 12/12 MP: 2/2
     0 | D:1      | 0 ||| qw: Version: 0.3-a-24-ga2abf7b
     0 | D:1      | 0 ||| qw: Game counter: 7095
     0 | D:1      | 0 ||| qw: Melee chars always use a shield: true
     0 | D:1      | 0 ||| qw: God list: Okawaru
     0 | D:1      | 0 ||| qw: Allow faded altars: false
     0 | D:1      | 0 ||| qw: Do Orc after clearing Dungeon:15 true
     0 | D:1      | 0 ||| qw: Do second Lair branch before Depths: true
     0 | D:1      | 0 ||| qw: Lair rune preference: random
     0 | D:1      | 0 ||| qw: Goals: Normal
     0 | D:1      | 0 ||| PLANNING D:1-11
    75 | D:1      | Reached XP level 2. HP: 16/16 MP: 3/3
   104 | D:1      | HP: 2/16 [kobold/+0 club (3)]
   108 | D:1      | Slain by a rat

Levels and vault maps discovered:
D:1:      amcnicky_arrival_flooded_fountain, layout_basic,
          minmay_misc_feat_alley, minmay_gold_behind_fungi, st_stairs_13

Action                     || total
---------------------------++-------
   Fire: Sling             ||    34
 Armour: Robe              ||    27
  Dodge: Dodged            ||    38

Table legend:
 A = Non-vault XP
 B = Vault XP
 C = Vault XP percentage of total XP
 D = Non-vault monster count
 E = Vault monster count
 F = Vault count percentage of total count
                 A         B        C        D         E       F
            +---------+---------+-------+---------+---------+-------
      Total |      13 |       1 |   7.1 |       6 |       1 |  14.3
            +---------+---------+-------+---------+---------+-------
        D:1 |      13 |       1 |   7.1 |       6 |       1 |  14.3
            +---------+---------+-------+---------+---------+-------
